 Dungeon Crawl Stone Soup version 0.28.0-45-g0d030f2227 (webtiles) character file.

Game seed: 1613439138574819328

85 Descartes the Chopper (level 4, -2/33 HPs)
             Began as a Formicid Warper on Apr 9, 2022.
             Killed from afar by an orc wizard (8 damage)
             ... with a magic dart
             ... on level 3 of the Dungeon.
             The game lasted 00:03:54 (3482 turns).

Descartes the Chopper (Formicid Warper)             Turns: 3482, Time: 00:03:55

Health: -2/33      AC:  3    Str: 17    XL:     4   Next: 75%
Magic:  7/7        EV: 11    Int: 13    God:
Gold:   140        SH:  0    Dex: 10    Spells: 7/7 levels left

rFire   . . .      SeeInvis +   a - +0 hand axe
rCold   . . .      Faith    .   (no shield)
rNeg    . . .      Spirit   .   b - +0 leather armour
rPois   .          Reflect  .   (helmet unavailable)
rElec   .          Harm     .   (no cloak)
rCorr   .          Rampage  .   (no gloves)
Will    .....                   (no boots)
Stlth   +.........              (no amulet)
HPRegen 0.11/turn               (no ring)
MPRegen 0.10/turn               (no ring)

@: no status effects
A: permanent stasis, dig shafts and tunnels, antennae 3, four strong arms
a: Dig, Shaft Self


You were on level 3 of the Dungeon.
You visited 1 branch of the dungeon, and saw 3 of its levels.

You collected 140 gold pieces.

Inventory:

Hand Weapons
 a - a +0 hand axe (weapon)
Missiles
 c - 5 boomerangs of dispersal (quivered)
 h - 55 stones
Armour
 b - a +0 leather armour (worn)
Jewellery
 i - a ring of wizardry
Wands
 n - a wand of charming (7)
Scrolls
 d - a scroll of teleportation {unknown}
 e - a scroll of identify {unknown}
 f - a scroll of immolation {unknown}
 j - a scroll of noise {unknown}
 k - a scroll of acquirement {unknown}
Potions
 g - a potion of berserk rage {unknown}
 l - a potion of might {unknown}
 m - a potion of degeneration {unknown}
 o - a potion of resistance {unknown}


   Skills:
 - Level 2.1 Fighting
 + Level 3.5 Axes
 - Level 1.0 Throwing
 + Level 3.2 Armour
 - Level 1.7 Dodging
 - Level 2.1 Spellcasting
 - Level 2.6 Translocations


You had 7 spell levels left.
You didn't know any spells.
Your spell library contained the following spells:

 Spells                   Type           Power      Damage    Failure   Level
 Gell's Gravitas          Tloc           8%         N/A       30%         3
 Lesser Beckoning         Tloc           8%         N/A       30%         3
 Teleport Other           Tloc           8%         N/A       30%         3
 Manifold Assault         Tloc           8%         N/A       95%         5
 Blink                    Tloc           Unusable   N/A       N/A         2

Dungeon Overview and Level Annotations

Branches:
Dungeon (3/15)

Altars:


Innate Abilities, Weirdness & Mutations

You cannot be hasted, slowed, berserked, paralysed or teleported.
You can dig through walls and to a lower floor.
You have a pair of large antennae on your head. (SInv)
Your four strong arms can wield two-handed weapons with a shield.


Message History

You hit the orc. The orc wizard casts a spell at you. The magic dart hits you.
The orc barely misses you.
You hit the orc but do no damage.
The orc is almost dead.
You hit the orc wizard. The orc closely misses you.
You hit the orc.
You kill the orc!
You hit the orc. You hit the orc.
The orc is almost dead.
You completely miss the orc. The orc hits you with a +0 short sword.
You hit the orc but do no damage.
The orc is severely wounded.
You hit the orc wizard but do no damage.
You hit the orc. The orc closely misses you.
The orc hits you with a +0 short sword.
The orc wizard hits you but does no damage.
You hit the orc.
The orc is almost dead.
You hit the orc wizard. You closely miss the orc. The orc barely misses you. x2
The orc wizard gestures at you while chanting.
The puff of flame hits you! The orc hits you with a +0 short sword.
You are too injured to fight recklessly!
You are too injured to fight recklessly!
You are too injured to fight recklessly!
You are too injured to fight recklessly!
You are too injured to fight recklessly!
You are too injured to fight recklessly!
You are too injured to fight recklessly!
The orc hits you with a +0 short sword.
* * * LOW HITPOINT WARNING * * *
You hit the orc.
You kill the orc!
The orc wizard casts a spell at you. The magic dart hits you.
* * * LOW HITPOINT WARNING * * *
The orc wizard casts a spell at you. The magic dart hits you!
You die...

#......#### ####..........
#.........#### ###
########.##.........# #..
......#.##......##.### #.#
#.#.#.#.####.##.##...##
##.####.#..............o.)...
#..................##..##++##
#..###......@...oo.[#.#÷...P.
#####.†###.######.....#.#.#...P..
.........#.# #####.#.#.#......
###.#.##...# #.#.#.†......
#.###### #.#.#.#...... #.#
#.#...#...P.. {#.# #.#...#######
# #.# #..... . #.#.# #..#.# #.#


You could see an orc wizard and an orc.

Vanquished Creatures
  3 adders
  4 worms
  2 dart slugs (D:2)
  2 orcs (D:3)
  3 ball pythons (D:1)
  4 bats
  4 endoplasms
  A giant cockroach (D:2)
  2 goblins (D:1)
  2 hobgoblins
  2 quokkas
  4 frilled lizards
  4 kobolds
  5 rats
42 creatures vanquished.

Vanquished Creatures (others)
  3 plants
3 creatures vanquished.

Grand Total: 45 creatures vanquished

Notes
Turn   | Place    | Note
-------+----------+-------------------------------------------
     0 | D:1      | Descartes the Formicid Warper began the quest for the Orb.
     0 | D:1      | Reached XP level 1. HP: 16/16 MP: 3/3
   185 | D:1      | Reached XP level 2. HP: 22/22 MP: 5/5
  1287 | D:2      | Reached XP level 3. HP: 19/27 MP: 6/6
  2110 | D:2      | Found a faded altar of an unknown god.
  2396 | D:2      | Reached XP level 4. HP: 22/33 MP: 7/7
  3482 | D:3      | Killed from afar by an orc wizard

Illustrated notes

Levels and vault maps discovered:
D:1:      psy_arrival_wood_between_worlds, layout_basic, minmay_misc_feat_plants
D:2:      layout_rooms, dilly_ecumenical_altar_fadedgnrine,
          kennysheep_big_empty_room
D:3:      cheibrodos_old_hovel, layout_loops_ring, tso_oasis_becter

Skill      XL: |  1  2  3  4 |
---------------+-------------+-----
Armour         | 2 3 |  3.2
Axes           | 3 |  3.5
Fighting       | |  2.1
Throwing       | |  1.0
Dodging        | |  1.7
Spellcasting   | |  2.1
Translocations | |  2.6

Action                   |  1- 3 |  4- 6 || total
-------------------------+-------+-------++-------
Melee: Hand axe          |   110 |    68 ||   178
       Punch             |     2 |     3 ||     5
 Stab: Sleeping          |     1 |       ||     1
Armor: Leather armour    |    22 |    14 ||    36
Dodge: Dodged            |    66 |    44 ||   110
